 Dungeon Crawl Stone Soup version 0.26-a0-113-gd8a95b691d (webtiles) character file.

Game seed: 14701505686390849513

66258 Argons the Brawler (level 14, -20/143 HPs)
             Began as a Troll Transmuter on June 24, 2020.
             Was the Champion of Wu Jian.
             Demolished by a tengu warrior
             ... wielding a +1 great sword of freezing
             ... led by a tengu conjurer
              (23 damage)
             ... on level 14 of the Dungeon on June 25, 2020.
             The game lasted 01:51:19 (22134 turns).

Argons the Brawler (Troll Transmuter)              Turns: 22134, Time: 01:51:19

Health: -20/143    AC: 11    Str: 25    XL:     14   Next: 78%
Magic:  14/14      EV:  9    Int:  9    God:    Wu Jian [******]
Gold:   1235       SH:  0    Dex: 10    Spells: 14/15 levels left

rFire    + . .     SeeInvis .     - Unarmed
rCold    . . .     Faith    .   (no shield)
rNeg     . . .     Spirit   .   y - +0 troll leather armour
rPois    .         Reflect  .   (helmet restricted)
rElec    .         Harm     .   C - +0 cloak
rCorr    .                      (gloves unavailable)
MR       ++...                  (boots unavailable)
Stlth    ++........             (no amulet)
HPRegen  1.13/turn              x - ring of protection from magic
MPRegen  0.14/turn              G - ring "Usuj" {rF+ Stlth+}

@: no status effects
A: large, unfitting armour, claws 3, fast metabolism 3, gourmand, regeneration
1, shaggy fur 1, tough skin 3
a: Wall Jump, Serpent's Lash, Heavenly Storm, Renounce Religion


You were on level 14 of the Dungeon.
You worshipped Wu Jian.
Wu Jian was exalted by your worship.
You were very full.

You visited 3 branches of the dungeon, and saw 22 of its levels.

You collected 1437 gold pieces.
You spent 202 gold pieces at shops.

Inventory:

Missiles
 u - 25 boomerangs
 A - 8 large rocks (quivered)
 D - 3 atropa-tipped darts
 H - 2 silver javelins
Armour
 y - a +0 troll leather armour (worn)
 C - a +0 cloak (worn)
Jewellery
 b - an uncursed ring of resist corrosion
 g - an uncursed ring of stealth
 i - an uncursed ring of flight
 j - an uncursed amulet of guardian spirit {unknown}
 v - an uncursed ring of ice
 x - a ring of protection from magic (left claw)
 G - the ring "Usuj" (right claw) {rF+ Stlth+}
   (You found it on level 13 of the Dungeon)

   [ring of stealth]

   It protects you from fire.
   It makes you more stealthy.
 L - an uncursed ring of positive energy
Wands
 c - a wand of flame (14)
 t - a wand of enslavement (6)
 w - a wand of iceblast (21)
 F - a wand of clouds (9)
 N - a wand of acid (10)
Scrolls
 a - 3 scrolls of fog
 h - 7 scrolls of enchant armour
 m - 12 scrolls of remove curse
 o - 3 scrolls of magic mapping
 q - a scroll of teleportation
 B - a scroll of blinking
 J - a scroll of summoning
 K - 2 scrolls of vulnerability
Potions
 e - 9 potions of heal wounds
 f - 2 potions of ambrosia
 k - 2 potions of haste
 l - 3 potions of might
 n - 5 potions of flight
 p - 5 potions of lignification
 r - 3 potions of invisibility
 s - 7 potions of curing
 E - 2 potions of mutation
 I - 2 potions of cancellation
Comestibles
 d - 56 rations
 z - 5 chunks of flesh


   Skills:
 - Level 10.0 Fighting
 - Level 10.0 Throwing
 + Level 10.6 Armour
 - Level 1.5 Dodging
 + Level 16.6 Unarmed Combat
 - Level 1.2 Spellcasting
 - Level 1.3 Transmutations


You had 14 spell levels left.
You knew the following spells:

 Your Spells              Type           Power        Failure   Level  Hunger
a - Beastly Appendage     Tmut           #.....       22%         1    ##.....

Your spell library contained the following spells:

 Spells                   Type           Power        Failure   Level  Hunger
 Sticks to Snakes         Tmut           #.......     34%         2    ###....
 Animate Skeleton         Necr           N/A          38%         1    ##.....
 Apportation              Tloc           #.....       38%         1    ##.....
 Corona                   Hex            #......      38%         1    ##.....
 Summon Small Mammal      Summ           #...         38%         1    ##.....
 Blink                    Tloc           N/A          52%         2    ###....
 Call Imp                 Summ           #.......     52%         2    ###....
 Shroud of Golubria       Chrm/Tloc      #.....       52%         2    ###....
 Slow                     Hex            #.......     52%         2    ###....
 Spider Form              Tmut/Pois      #.........   65%         3    ####...
 Call Canine Familiar     Summ           #.......     77%         3    ####...
 Gell's Gravitas          Tloc           #.........   77%         3    ####...
 Inner Flame              Hex/Fire       #.......     77%         3    ####...
 Lesser Beckoning         Tloc           #.........   77%         3    ####...
 Portal Projectile        Hex/Tloc       #.....       77%         3    ####...
 Summon Guardian Golem    Hex/Summ       #.......     77%         3    ####...
 Teleport Other           Tloc           #.......     77%         3    ####...
 Ice Form                 Ice/Tmut       #.......     96%         4    #####..
 Cause Fear               Hex            #.........   99%         4    #####..
 Leda's Liquefaction      Hex/Erth       #.........   99%         4    #####..
 Passage of Golubria      Tloc           N/A          99%         4    #####..
 Summon Ice Beast         Ice/Summ       #.......     99%         4    #####..
 Summon Lightning Spire   Summ/Air       #.......     99%         4    #####..
 Blade Hands              Tmut           #.........   99%         5    ######.


Dungeon Overview and Level Annotations

Branches:
Dungeon (15/15)            Temple (1/1) D:6            Lair (6/6) D:10
 Shoals (0/4) Lair:2        Snake (0/4) Lair:4        Slime (0/5) Lair:6
    Orc (0/2) D:12
 Vaults: D:13-14     Depths: D:15

Altars:
Ashenzari
Cheibriados
Fedhas
Gozag
Hepliaklqana
Kikubaaqudgha
Nemelex Xobeh
Okawaru
Qazlal
Ru
Sif Muna
Trog
Uskayaw
Wu Jian
Xom
Yredelemnul
The Shining One

Shops:
D:4 ?   D:8 ?   D:12 *

Annotations:
D:6 1 runed translucent door
D:14 Jorgrun; Rupert
Lair:6 2 transporters, exclusion: 3 oklob plants, Laplelam's ghost, journeyman OgTm


Innate Abilities, Weirdness & Mutations

You are too large for most types of armour.
You have claws for hands.
Your metabolism is lightning-fast.
You like to eat raw meat.
Your natural rate of healing is unusually fast.
You are covered in fur. (AC +1)
You have extremely tough skin. (AC +3)


Message History

The tengu warrior freezes you.
* * * LOW HITPOINT WARNING * * *
The tengu warrior pecks you but does no damage.
The tengu warrior claws you but does no damage.
You scratch the tengu warrior but do no damage.
The tengu warrior is severely wounded.
You claw the tengu warrior!
The tengu warrior is almost dead.
The tengu warrior hits you with a +1 great sword of freezing!
* * * LOW HITPOINT WARNING * * *
The tengu warrior freezes you.
* * * LOW HITPOINT WARNING * * *
The tengu warrior pecks you but does no damage.
The tengu warrior barely misses you.
You claw the tengu warrior!
The tengu warrior is almost dead.
You closely miss the tengu warrior. Your claw misses the tengu warrior.
The tengu warrior is almost dead.
The tengu warrior hits you with a +1 great sword of freezing!!
You die...

##≈## ##≈≈≈#############
#≈≈≈≈#...........#
#≈≈≈≈#...........#
#≈≈≈≈#............
##≈≈≈≈≈≈.≈≈≈≈≈≈≈≈≈≈
#≈≈≈≈≈≈≈≈≈≈≈≈≈≈≈≈≈≈
##Q.≈≈≈≈≈≈≈≈≈≈≈≈≈≈≈
#@≈≈≈≈≈≈.≈≈≈≈≈≈≈≈≈
##.≈.≈.≈.≈....≈.#≈
#########..###### .# #.## #
...############## #.#
....e.#...#.....# ####'######
...c#.#.###<#.### ###.........#
...#....ec..#...# #.'.........##
...##.'.#####.#.####.#).........#


You could see a tengu warrior.

Vanquished Creatures
  Nessos (Lair:6)
  Snorg (D:14)
  6 hydras
  4 centaur warriors
  A death knight (D:13)
  2 two-headed ogres
  A wizard (D:15)
  A shining eye (shapeshifter) (D:10)
  An ugly thing (D:13)
  2 oklob plants (Lair:3)
  3 cyclopes
  2 deep elf magi
  5 manticores
  5 black mambas
  3 merfolk sirens (Lair:2)
  5 elephants
  13 spiny frogs
  4 komodo dragons
  The ghost of PIKKUHERKKO the Cleaver, a novice DsGl of Makhleb (D:6)
  3 rime drakes (Lair:5)
  2 gargoyles
  A redback zombie (D:15)
  2 yaktaurs (D:15)
  A freezing wraith (D:15)
  A merfolk (Lair:2)
  2 tengu conjurers
  A queen bee (Lair:1)
  5 polar bears
  3 trolls
  6 hornets
  3 slime creatures (D:13)
  9 hippogriffs
  7 blink frogs
  12 dream sheep
  2 flying skulls (D:14)
  A shadow (D:14)
  A vampire (D:11)
  42 yaks
  A wraith (D:13)
  13 spriggans (Lair:6)
  2 wyverns
  A human (shapeshifter) (D:13)
  2 basilisks
  A steam dragon (D:14)
  5 hungry ghosts
  5 vampire mosquitoes
  2 soldier ants (D:13)
  15 water moccasins
  8 porcupines
  4 sky beasts
  7 orc warriors
  5 black bears
  3 boggarts (Lair:6)
  2 necrophages (D:13)
  An ice beast (D:13)
  11 ogres
  2 phantoms
  34 wolves
  7 centaurs
  The ghost of PIKKUHERKKO the Chopper, an amateur DsGl (D:4)
  9 crocodiles
  A big kobold (D:7)
  16 bullfrogs
  4 scorpions
  A water moccasin skeleton (D:7)
  33 killer bees
  13 wights
  A vampire bat (Lair:6)
  4 howler monkeys
  5 centaur zombies
  7 crimson imps
  A quasit (D:6)
  2 bullfrog zombies
  12 hounds
  5 centaur skeletons
  5 jellies
  11 orc wizards
  7 orc priests
  4 bullfrog skeletons
  5 iguanas
  13 worker ants
  A hound skeleton (D:8)
  2 hound zombies
  3 worker ant zombies
  8 gnolls
  A howler monkey zombie (D:5)
  13 adders
  A howler monkey skeleton (D:4)
  A river rat (D:6)
  7 shadow imps
  3 oozes
  An adder skeleton (D:6)
  4 worms
  3 dart slugs
  2 leopard geckos
  50 orcs
  8 giant cockroaches
  15 goblins
  16 hobgoblins
  23 jackals
  14 kobolds
  5 quokkas
  12 bats
  3 frilled lizards
  A goblin skeleton (D:6)
  A goblin zombie (D:6)
  3 hobgoblin zombies (D:6)
  A kobold zombie (D:6)
  4 orc skeletons (D:6)
  2 orc zombies (D:6)
  2 quokka skeletons
  7 rats
  4 fungi
  2 plants
679 creatures vanquished.

Vanquished Creatures (others)
  A jelly (D:14)
  9 fungi
  3 plants (Lair:6)
13 creatures vanquished.

Grand Total: 692 creatures vanquished

Notes
Turn   | Place    | Note
-------+----------+-------------------------------------------
     0 | D:1      | Argons the Troll Transmuter began the quest for the Orb.
     0 | D:1      | Reached XP level 1. HP: 18/18 MP: 1/1
    79 | D:1      | You fall into a shaft and drop 1 floor!
   183 | D:2      | Reached XP level 2. HP: 21/26 MP: 2/2
   485 | D:2      | Reached skill level 4 in Unarmed Combat
   653 | D:2      | Reached XP level 3. HP: 32/32 MP: 3/3
  1581 | D:2      | Reached XP level 4. HP: 40/40 MP: 4/4
  1587 | D:2      | Reached skill level 5 in Unarmed Combat
  1828 | D:3      | Reached XP level 5. HP: 28/46 MP: 5/5
  1835 | D:3      | Reached skill level 6 in Unarmed Combat
  2419 | D:3      | Found a hide-covered altar of Uskayaw.
  2939 | D:4      | Reached XP level 6. HP: 52/54 MP: 6/6
  2989 | D:4      | Reached skill level 7 in Unarmed Combat
  3252 | D:4      | Found Koguc's Magic Scroll Shop.
  3260 | D:4      | Bought a scroll of enchant armour for 105 gold pieces
  3323 | D:4      | Reached skill level 8 in Unarmed Combat
  3326 | D:4      | Reached XP level 7. HP: 34/61 MP: 7/7
  3646 | D:4      | Found a runed translucent gate.
  3647 | D:4      | Found a runed translucent gate.
  3647 | D:4      | Found a runed translucent gate.
  3648 | D:4      | Noticed PIKKUHERKKO's ghost (amateur DsGl)
  4049 | D:4      | Killed PIKKUHERKKO's ghost
  4126 | D:5      | Entered Level 5 of the Dungeon
  4191 | D:5      | Reached skill level 9 in Unarmed Combat
  4359 | D:5      | Reached skill level 1 in Throwing
  4423 | D:5      | Reached XP level 8. HP: 68/68 MP: 8/8
  4534 | D:5      | HP: 3/68 [hound (1)]
  4952 | D:6      | Found a runed translucent door.
  4952 | D:6      | Noticed PIKKUHERKKO's ghost (novice DsGl)
  5014 | D:6      | Found a runed translucent door.
  5089 | D:6      | Reached skill level 10 in Unarmed Combat
  5183 | D:6      | Found a staircase to the Ecumenical Temple.
  5192 | Temple   | Entered the Ecumenical Temple
  5198 | Temple   | Became a worshipper of the Wu Jian Council
  5342 | D:6      | Found a glowing golden altar of the Shining One.
  5868 | D:7      | Reached * piety under Wu Jian
  5887 | D:7      | Reached skill level 5 in Throwing
  5887 | D:7      | Reached XP level 9. HP: 58/75 MP: 9/9
  6048 | D:7      | Noticed a five-headed hydra
  6278 | D:7      | Reached skill level 11 in Unarmed Combat
  6532 | D:8      | Found Minap's Magic Scroll Emporium.
  6762 | D:8      | Bought a scroll of blinking for 97 gold pieces
  6908 | D:8      | Reached ** piety under Wu Jian
  7343 | D:9      | Reached skill level 1 in Fighting
  7387 | D:9      | Reached skill level 12 in Unarmed Combat
  7428 | D:9      | Reached XP level 10. HP: 66/87 MP: 10/10
  8044 | D:10     | Entered Level 10 of the Dungeon
  8194 | D:10     | Reached *** piety under Wu Jian
  8346 | D:10     | Reached skill level 1 in Armour
  8484 | D:10     | Found a staircase to the Lair.
  9028 | D:10     | Reached skill level 5 in Fighting
  9031 | D:10     | Noticed a mana viper
  9049 | D:10     | Noticed a two-headed ogre
  9052 | D:10     | Killed a two-headed ogre
  9700 | D:11     | Reached XP level 11. HP: 100/105 MP: 11/11
  9786 | D:11     | Reached **** piety under Wu Jian
 10104 | D:7      | Killed a five-headed hydra
 10180 | D:6      | Killed PIKKUHERKKO's ghost
 10392 | D:12     | Found Lajol's Changing Room.
 10398 | D:12     | Reached skill level 5 in Armour
 10467 | D:12     | Found a staircase to the Orcish Mines.
 10495 | D:12     | Noticed a deep elf mage
 10507 | D:12     | Killed a deep elf mage
 10924 | D:12     | Noticed a seven-headed hydra
 11441 | D:13     | Noticed a death knight
 11530 | D:13     | Noticed a centaur warrior
 11638 | D:13     | Killed a centaur warrior
 11758 | D:13     | Got a heavily runed wooden ring
 11790 | D:13     | Identified the ring "Usuj" {rF+ Stlth+} (You found it on
                  | level 13 of the Dungeon)
 11792 | D:13     | Noticed a centaur warrior
 11801 | D:13     | Killed a centaur warrior
 12071 | D:13     | Reached XP level 12. HP: 119/119 MP: 12/12
 12388 | D:13     | Noticed a centaur warrior
 12545 | D:12     | Killed a seven-headed hydra
 12545 | D:12     | Reached ***** piety under Wu Jian
 12712 | Lair:1   | Entered Level 1 of the Lair of Beasts
 13705 | Lair:1   | Reached skill level 13 in Unarmed Combat
 13989 | Lair:2   | Noticed an eight-headed hydra
 14658 | Lair:2   | Reached skill level 10 in Throwing
 14720 | Lair:2   | Found a staircase to the Shoals.
 14845 | Lair:2   | Killed an eight-headed hydra
 15225 | Lair:3   | Reached XP level 13. HP: 69/127 MP: 13/13
 16182 | Lair:4   | Reached skill level 14 in Unarmed Combat
 16590 | Lair:4   | Found a staircase to the Snake Pit.
 17475 | Lair:5   | Reached ****** piety under Wu Jian
 18052 | Lair:5   | Reached skill level 10 in Armour
 18052 | Lair:5   | Reached skill level 15 in Unarmed Combat
 18203 | Lair:6   | Entered Level 6 of the Lair of Beasts
 18229 | Lair:6   | Found a transporter.
 18549 | Lair:6   | Found a staircase to the Slime Pits.
 18875 | Lair:6   | Reached XP level 14. HP: 78/137 MP: 14/14
 19041 | Lair:6   | Found a transporter.
 19087 | Lair:6   | Noticed Laplelam's ghost (journeyman OgTm)
 19293 | Lair:6   | Noticed Nessos
 19304 | Lair:6   | Killed Nessos
 20034 | Lair:6   | Reached skill level 16 in Unarmed Combat
 20240 | Lair:6   | Upgraded the game from 0.26-a0-112-g824cf5ae89 to
                  | 0.26-a0-113-gd8a95b691d
 20741 | D:13     | Reached skill level 10 in Fighting
 21015 | D:14     | Noticed Rupert
 21108 | D:14     | Noticed Snorg
 21116 | D:14     | Killed Snorg
 21182 | D:14     | Noticed Jorgrun
 21853 | D:15     | Entered Level 15 of the Dungeon
 22132 | D:14     | HP: 4/143 [tengu warrior/+1 great sword of freezing[a tengu
                  | conjurer] (12)]
 22134 | D:14     | Demolished by a tengu warrior

Illustrated notes

Levels and vault maps discovered:
D:1:      doesnt_arrival_eight_statues, layout_loops_ring
D:2:      layout_basic, first_ration
D:3:      layout_basic, eat_drink_and_be_merry_uskayaw
D:4:      layout_layer_cave, serial_shops, shop, gammafunk_ghost_necromancy,
          st_stairs_12
D:5:      layout_basic, kennysheep_generic_room_3
D:6:      layout_loops_ring, lemuel_temple_firewalk_a, ebering_ghost_sewer_f,
          hangedman_decor_peaks_small, nicolae_tso_besieged_by_evil
D:7:      layout_basic
D:8:      layout_basic, serial_shops, shop
D:9:      layout_roguey, kennysheep_potato
D:10:     layout_basic, lair_entry_dummy, grunt_ogre_cave, minmay_three_doors
D:11:     layout_loops_corners
D:12:     layout_loops_ring, erik_orc_3, nicolae_transmutations_shop
D:13:     layout_basic, bh_walls_and_bars
D:14:     layout_roguey, lightli_vaults_fourway_checkpoint, serial_rivers,
          chequers_serial_rivers_marsh, chequers_serial_rivers_room_b,
          chequers_serial_rivers_micro_e, chequers_serial_rivers_large_a,
          minmay_guarded_unrand_skullcrusher, uniq_rupert, uniq_jorgrun,
          uniq_snorg
D:15:     hangedman_depths_entry_civil_slaughter, layout_rooms, serial_shops,
          nicolae_shop_trees, nicolae_twisting_strands
Temple:   dpeg_three_leaves_temple
Lair:1:   layout_concentric_octagons, special_room [special_room_bee]
Lair:2:   layout_gridlike, elwin_shoals_entry_stream
Lair:3:   layout_big_grid, serial_bayou_shore_a, minmay_lair_oklob_chamber
Lair:4:   layout_regular_city, minmay_snake_entry_six_corridors,
          beast_lair_carwin_1, serial_bayou_shore_b,
          infiniplex_staircase_pool_2, lemuel_fruit_fields, serial_bayou_shore_b
Lair:5:   layout_misc_corridors, grunt_megastairs_3
Lair:6:   minmay_lair_end_enchanted_forest, layout_hall_layers,
          minmay_slime_entry_oklob_open, gammafunk_ghost_berserking_beasts,
          roderic_batcave, chequers_serial_rivers_micro_a, uniq_nessos

Skill      XL: |  1  2  3  4  5  6  7  8  9 10 11 12 13 14 |
---------------+-------------------------------------------+-----
Unarmed Combat | 4 5 6 8 9 10 12 13 15 16 | 16.6
Throwing       | 1 5 7 10 | 10.0
Fighting       | 1 5 8 10 | 10.0
Armour         | 4 7 8 10 | 10.6
Dodging        | |  1.5
Spellcasting   | |  1.2
Transmutations | |  1.3

Action                   |  1- 3 |  4- 6 |  7- 9 | 10-12 | 13-15 || total
-------------------------+-------+-------+-------+-------+-------++-------
Melee: Unarmed           |   102 |   187 |   385 |   723 |   841 ||  2238
       Punch             |     3 |     7 |    17 |    43 |    54 ||   124
Throw: Boomerang         |       |       |       |    10 |       ||    10
       Large rock        |       |       |       |    17 |    16 ||    33
Invok: Whirlwind         |       |       |    19 |    54 |    34 ||   107
       Lunge             |       |       |    17 |    84 |    75 ||   176
 Abil: Wall Jump         |       |       |       |     3 |       ||     3
  Use: Scroll            |     6 |     4 |    10 |     9 |     7 ||    36
       Potion            |       |       |       |       |     3 ||     3
 Stab: Sleeping          |       |     1 |     4 |    14 |     3 ||    22
       Distracted        |       |       |       |     1 |     2 ||     3
  Eat: Chunk             |    19 |    17 |    53 |    70 |    71 ||   230
Armor: Robe              |    35 |    72 |   106 |    26 |       ||   239
       Troll leather arm |       |       |       |   142 |   227 ||   369
Dodge: Dodged            |    44 |    94 |   124 |   244 |   253 ||   759

Table legend:
 A = Non-vault XP
 B = Vault XP
 C = Vault XP percentage of total XP
 D = Non-vault monster count
 E = Vault monster count
 F = Vault count percentage of total count
                 A         B        C        D         E       F
            +---------+---------+-------+---------+---------+-------
      Total |   69893 |   24762 |  26.2 |     517 |     156 |  23.2
            +---------+---------+-------+---------+---------+-------
        D:1 |      49 |       0 |   0.0 |      25 |       0 |   0.0
        D:2 |      54 |       0 |   0.0 |      27 |       0 |   0.0
        D:3 |     185 |       0 |   0.0 |      35 |       0 |   0.0
        D:4 |     544 |     160 |  22.7 |      31 |       4 |  11.4
        D:5 |     785 |       0 |   0.0 |      26 |       0 |   0.0
        D:6 |     516 |     557 |  51.9 |      14 |      18 |  56.2
        D:7 |    2156 |       0 |   0.0 |      30 |       0 |   0.0
        D:8 |    1128 |       0 |   0.0 |      19 |       0 |   0.0
        D:9 |    1990 |       2 |   0.1 |      30 |       1 |   3.2
       D:10 |    2737 |    1655 |  37.7 |      39 |       4 |   9.3
       D:11 |    1758 |       0 |   0.0 |      21 |       0 |   0.0
       D:12 |    3738 |     606 |  14.0 |      15 |      15 |  50.0
       D:13 |   11240 |       0 |   0.0 |      39 |       0 |   0.0
       D:14 |    5071 |    1756 |  25.7 |      18 |       5 |  21.7
       D:15 |    5223 |     371 |   6.6 |      13 |       1 |   7.1
     Lair:1 |    2114 |    1485 |  41.3 |      13 |      20 |  60.6
     Lair:2 |    5319 |    1754 |  24.8 |      24 |       4 |  14.3
     Lair:3 |    1800 |    1115 |  38.3 |       8 |       2 |  20.0
     Lair:4 |    5724 |    3275 |  36.4 |      24 |      19 |  44.2
     Lair:5 |    4358 |    2700 |  38.3 |      16 |      10 |  38.5
     Lair:6 |   13404 |    9326 |  41.0 |      50 |      53 |  51.5
            +---------+---------+-------+---------+---------+-------
